 Dungeon Crawl Stone Soup version 0.30-b1-2-g02819fbbbe (webtiles) character file.

Game seed: 16345014858638824619

666535 Fartwhistle the Warrior (level 27, -5/349 HPs)
             Began as a Troll Transmuter on Sept 1, 2023.
             Was a High Priest of Cheibriados.
             Slain by an Ice Fiend (9 damage)
             ... on level 5 of Cocytus on Sept 2, 2023.
             The game lasted 04:06:43 (54917 turns).

Fartwhistle the Warrior (Troll Transmuter)         Turns: 54917, Time: 04:06:45

Health: -5/349     AC: 34    Str: 30    XL:     27
Magic:  6/35       EV: 21    Int: 29    God:    Cheibriados [*****.]
Gold:   5723       SH: 19    Dex: 29    Spells: 10/44 levels left

rFire   + +          +
                       - Unarmed
rCold   + + +        a - +5 kite shield {AC+3}
rNeg    + + +        F - melded +2 fire dragon scales
rPois   ∞            M - +2 hat "Earthly Heaven" {rPois rF+++ Regen+}
rElec   +            u - scarf "Nocs" {repulsion, Int+3}
rCorr   .            (gloves unavailable)
SInv    +            (boots unavailable)
Will    +++++        J - amulet "Taulaov" {Faith Will++ Str-4 Int-2 Slay+2}
Stlth   +            N - ring "Daefiv" {rElec rC++ Will+ Dex+6 Stlth-}
HPRegen 2.38/turn    B - ring of Urghegel {rF+++ rN++ Str-5 Int-4 SInv}
MPRegen 0.24/turn

%: repel missiles, faith
@: statue-form, studying Air Magic, unable to drink, very slow
A: slow and powerful, torment resistance 1, boosted hp, large, unfitting armour,
claws 3, regeneration 1, (shaggy fur 1), (tough skin 1), cold resistance 1,
evolution 1
}: 4/15 runes: barnacled, silver, abyssal, gossamer
a: End Transformation, Renounce Religion, Bend Time, Temporal Distortion,
Slouch, Step From Time


You were on level 5 of Cocytus.
You worshipped Cheibriados.
Cheibriados was extremely pleased with you.
You were a living statue of rough stone.
You visited 13 branches of the dungeon, and saw 56 of its levels.
You visited the Abyss 3 times.
You visited 1 bazaar.
You also visited: Trove, Ossuary, Bailey, Gauntlet and Wizlab.

You collected 13913 gold pieces.
You spent 8190 gold pieces at shops.

Inventory:

Missiles
 H - 4 boomerangs of dispersal
 K - 83 large rocks
 Z - 8 throwing nets
Armour
 a - a +5 kite shield of protection (worn)
 u - the scarf "Nocs" (worn) {repulsion, Int+3}
   (You found it on level 2 of the Spider Nest)

   Int:       It affects your intelligence (+3).
 F - +2 fire dragon scales (melded)
 M - the +2 hat "Earthly Heaven" (worn) {rPois rF+++ Regen+}
   (You acquired it on level 2 of the Depths)

   rF:        It renders you almost immune to fire.
   rPois:     It protects you from poison.
   Regen:     It increases your rate of health regeneration.
Jewellery
 n - the ring of Xom's Malicious Joy {Fly rN+}
   (You found it on level 3 of the Crypt)

   [ring of positive energy]

   rN:        It protects you from negative energy.
   Fly:       It grants you flight.
 r - a ring of see invisible
 B - the ring of Urghegel (right claw) {rF+++ rN++ Str-5 Int-4 SInv}
   (You found it on level 3 of the Elven Halls)

   [ring of see invisible]

   Str:       It affects your strength (-5).
   Int:       It affects your intelligence (-4).
   rF:        It renders you almost immune to fire.
   rN:        It greatly protects you from negative energy.
   SInv:      It lets you see invisible.
 J - the amulet "Taulaov" (around neck) {Faith Will++ Str-4 Int-2 Slay+2}
   (You bought it in a shop on level 1 of the Elven Halls)

   [amulet of faith]

   It allows you to gain divine favour quickly.
   Str:       It affects your strength (-4).
   Int:       It affects your intelligence (-2).
   Slay:      It affects your accuracy & damage with ranged weapons and melee
   (+2).
   Will:      It greatly increases your willpower.
 N - the ring "Daefiv" (left claw) {rElec rC++ Will+ Dex+6 Stlth-}
   (You bought it in a shop on level 3 of the Shoals)

   [ring of dexterity]

   Dex:       It affects your dexterity (+6).
   rC:        It greatly protects you from cold.
   rElec:     It insulates you from electricity.
   Will:      It increases your willpower.
   Stlth:     It makes you less stealthy.
 U - the ring of the Gloaming {rN+ Str+3}
   (You found it on level 3 of the Crypt)

   [ring of positive energy]

   Str:       It affects your strength (+3).
   rN:        It protects you from negative energy.
 W - a ring of resist corrosion
 Y - the ring "Bivaor" {rElec rPois Will+ EV+5 Int+2}
   (You found it on level 3 of the Elven Halls)

   [ring of evasion]

   EV:        It affects your evasion (+5).
   Int:       It affects your intelligence (+2).
   rElec:     It insulates you from electricity.
   rPois:     It protects you from poison.
   Will:      It increases your willpower.
Wands
 o - a wand of mindburst (16)
 E - a wand of charming (64)
 G - a wand of digging (11)
 I - a wand of flame (127)
 L - a wand of acid (28)
 V - a wand of polymorph (18)
 X - a wand of iceblast (27)
Scrolls
 j - 7 scrolls of poison
 k - 3 scrolls of silence
 l - 17 scrolls of teleportation
 m - 3 scrolls of enchant armour
 q - 9 scrolls of fog
 s - 6 scrolls of amnesia
 v - 21 scrolls of identify
 y - 9 scrolls of vulnerability
 D - 4 scrolls of torment
 O - 2 scrolls of enchant weapon
 Q - 10 scrolls of magic mapping
 S - 3 scrolls of blinking
 T - 4 scrolls of immolation
Potions
 b - 11 potions of lignification
 c - 6 potions of invisibility
 e - 13 potions of flight
 f - 14 potions of heal wounds
 g - 4 potions of berserk rage
 h - 10 potions of ambrosia
 i - 11 potions of cancellation
 p - 5 potions of magic
 t - 9 potions of resistance
 w - 15 potions of might
 x - 24 potions of curing
 A - 4 potions of attraction
 C - 9 potions of brilliance
 P - 4 potions of mutation


   Skills:
 - Level 20.6 Fighting
 - Level 8.0 Throwing
 - Level 7.0 Armour
 - Level 12.0 Dodging
 - Level 9.0 Shields
 - Level 20.0 Unarmed Combat
 - Level 9.0 Spellcasting
 + Level 15.9 Necromancy
 + Level 13.5 Transmutations
 - Level 15.1 Earth Magic
 - Level 11.5 Invocations
 - Level 4.0 Evocations


You had 10 spell levels left.
You knew the following spells:

 Your Spells              Type           Power      Damage    Failure   Level
a - Beastly Appendage     Tmut           100%       N/A       1%          1
b - Wereblood             Tmut           75%        N/A       1%          2
c - Statue Form           Tmut/Erth      51%        N/A       2%          6
d - Ozocubu's Armour      Ice            13%        N/A       21%         3
e - Iron Shot             Conj/Erth      27%        9d6       41%         6
f - Necromutation         Tmut/Necr      39%        N/A       71%         8
g - Borgnjor's Revivific  Necr           40%        N/A       54%         8

Your spell library contained the following spells:

 Spells                   Type           Power      Damage    Failure   Level
 Necrotise                Necr           100%       1d9       0%          1
 Sandblast                Erth           100%       2d20      0%          1
 Sublimation of Blood     Necr           81%        N/A       0%          2
 Sting                    Tmut/Pois      100%       1d8       1%          1
 Cigotuvi's Dreadful Rot  Necr/Pois/Air  86%        N/A       1%          2
 Passwall                 Tmut/Erth      64%        N/A       1%          2
 Spider Form              Tmut/Pois      51%        N/A       1%          3
 Stone Arrow              Conj/Erth      100%       3d13      1%          3
 Vampiric Draining        Necr           81%        2d11      1%          3
 Animate Dead             Necr           81%        N/A       1%          4
 Dispel Undead            Necr           81%        3d26      1%          4
 Petrify                  Tmut/Erth      77%        N/A       1%          4
 Agony                    Necr           81%        N/A       1%          5
 Blade Hands              Tmut           37%        N/A       1%          5
 Lee's Rapid Deconstruct  Erth           39%        3d19*     1%          5
 Death Channel            Necr           40%        N/A       1%          6
 Ignite Poison            Fire/Tmut/Pois 39%        N/A       3%          3
 Animate Armour           Summ/Erth      100%       N/A       3%          4
 Leda's Liquefaction      Hex/Erth       27%        N/A       3%          4
 Ice Form                 Ice/Tmut       51%        N/A       4%          4
 Apportation              Tloc           26%        N/A       7%          1
 Magic Dart               Conj           52%        1d5       7%          1
 Shock                    Conj/Air       52%        1d6       7%          1
 Slow                     Hex            52%        N/A       7%          1
 Summon Small Mammal      Summ           52%        N/A       7%          1
 Call Imp                 Summ           26%        N/A       10%         2
 Ensorcelled Hibernation  Hex/Ice        26%        N/A       10%         2
 Lesser Beckoning         Tloc           26%        N/A       10%         2
 Poisonous Vapours        Pois/Air       26%        N/A       10%         2
 Scorch                   Fire           26%        2d6       10%         2
 Alistair's Intoxication  Tmut/Pois      34%        N/A       12%         5
 Irradiate                Conj/Tmut      25%        3d20      12%         5
 Yara's Violent Unravell  Hex/Tmut       25%        3d11      12%         5
 Call Canine Familiar     Summ           13%        N/A       21%         3
 Confusing Touch          Hex            13%        N/A       21%         3
 Dazzling Flash           Conj/Hex       26%        N/A       21%         3
 Frozen Ramparts          Ice            26%        1d4       21%         3
 Gell's Gravitas          Tloc           13%        N/A       21%         3
 Hailstorm                Conj/Ice       13%        3d5       21%         3
 Inner Flame              Hex/Fire       13%        N/A       21%         3
 Mephitic Cloud           Conj/Pois/Air  13%        N/A       21%         3
 Portal Projectile        Hex/Tloc       26%        N/A       21%         3
 Summon Guardian Golem    Hex/Summ       13%        N/A       21%         3
 Swiftness                Air            13%        N/A       21%         3
 Teleport Other           Tloc           13%        N/A       21%         3
 Tukima's Dance           Hex            13%        N/A       21%         3
 Vhi's Electric Charge    Tloc/Air       26%        N/A       21%         3
 Dragon Form              Tmut           37%        N/A       22%         7
 Simulacrum               Ice/Necr       28%        N/A       36%         6
 Airstrike                Air            6%         2d(1-17)  54%         4
 Cause Fear               Hex            6%         N/A       54%         4
 Flame Wave               Conj/Fire      13%        2d6       54%         4
 Manifold Assault         Tloc           13%        N/A       54%         4
 Olgreb's Toxic Radiance  Pois           13%        N/A       54%         4
 Sticky Flame             Conj/Fire      13%        2d4       54%         4
 Summon Ice Beast         Ice/Summ       13%        N/A       54%         4
 Summon Lightning Spire   Summ/Air       13%        N/A       54%         4
 Eringya's Noxious Bog    Tmut/Pois      25%        N/A       54%         6
 Infestation              Necr           40%        N/A       54%         8
 Arcjolt                  Conj/Air       6%         1d16      88%         5
 Freezing Cloud           Conj/Ice/Air   6%         6-21      88%         5
 Iskenderun's Battlesphe  Conj           13%        2d7       88%         5
 Metabolic Englaciation   Hex/Ice        6%         N/A       88%         5
 Silence                  Hex/Air        6%         N/A       88%         5
 Summon Forest            Summ/Tloc      6%         N/A       88%         5
 Summon Mana Viper        Hex/Summ       13%        N/A       88%         5
 Haunt                    Necr/Summ      28%        N/A       91%         7
 Storm Form               Tmut/Air       25%        N/A       98%         7
 Dispersal                Tloc           6%         N/A       100%        6
 Starburst                Conj/Fire      6%         6d4       100%        6
 Summon Cactus Giant      Summ           6%         N/A       100%        6
 Enfeeble                 Hex            6%         N/A       100%        7
 Malign Gateway           Summ/Tloc      6%         N/A       100%        7
 Orb of Destruction       Conj           6%         9d6       100%        7
 Ozocubu's Refrigeration  Ice            6%         4d8       100%        7
 Spellforged Servitor     Conj/Summ      6%         N/A       100%        7
 Summon Hydra             Summ           6%         N/A       100%        7
 Disjunction              Tloc           6%         N/A       100%        8
 Maxwell's Capacitive Co  Air            6%         ∞         100%        8
 Chain Lightning          Conj/Air       6%         3d8       100%        9
 Death's Door             Necr           40%        N/A       100%        9
 Fire Storm               Conj/Fire      6%         8d2       100%        9
 Polar Vortex             Ice            6%         N/A       100%        9
 Shatter                  Erth           39%        3d31*     100%        9


Dungeon Overview and Level Annotations

Branches:
Dungeon (15/15)            Temple (1/1) D:5            Lair (5/5) D:11
 Shoals (4/4) Lair:3       Spider (4/4) Lair:3        Slime (0/5) Lair:5
    Orc (2/2) D:12            Elf (3/3) Orc:2        Vaults (5/5) D:13
  Crypt (3/3) Vaults:3       Tomb (0/3) Crypt:3      Depths (4/4) D:15
   Hell (visited)             Dis (0/7) Hell            Geh (6/7) Hell
    Coc (5/7) Hell            Tar (0/7) Hell            Zot (0/5) Depths:4
Ossuary (visited)          Bailey (visited)          WizLab (visited)
Gauntlet (visited)

Altars:
Ashenzari
Cheibriados
Dithmenos
Elyvilon
Fedhas
Gozag
Hepliaklqana
Kikubaaqudgha
Makhleb
Nemelex Xobeh
Okawaru
Qazlal
Ru
Sif Muna
Trog
Uskayaw
Vehumet
Wu Jian
Xom
Yredelemnul
Zin
The Shining One
Jiyva

Shops:
D:1 *   D:6 :   D:11 *   Orc:1 =   Orc:2 ([:**   Elf:1 *!=:*   Elf:2 =
Shoals:3 =   Vaults:3 !   Vaults:4 *   Depths:1 =([*   Depths:2 [
Depths:3 *?!([[

Portals:
Hell: Depths:1 Depths:2 Depths:3 Depths:4
Abyss: Depths:3
Pandemonium: Depths:2 Depths:3 Depths:4
Ziggurat: Depths:1

Annotations:
D:14 2 runed translucent doors
Lair:4 exclusion: oklob plant
Orc:2 1 runed translucent door, sexsifox's ghost, journeyman HuBe


Innate Abilities, Weirdness & Mutations

You are a living statue of rough stone.
Your actions are slow, but your melee attacks are powerful.
You are resistant to unholy torment.
Your maximum health is greatly increased.
You are immune to poison.
Your equipment is partially melded.
You are too large for most types of armour.
You have claws for hands.
Your natural rate of healing is unusually fast.
((You are covered in fur. (AC +1)))
((You have tough skin. (AC +1)))
Your flesh is cold resistant. (rC+)
You have hidden genetic potential.


Message History

Okay, then.
Casting: Statue Form (mildly dangerous; 2% risk of failure)
Confirm with . or Enter, or press ? or * to list all spells.
Okay, then.
Blink to where?
Press: ? - help, Dir - move target
As you read the scroll of blinking, it crumbles to dust.
Your surroundings seem slightly different.
The Ice Fiend gestures at you. The bolt of cold hits you. You resist.
* * * LOW HITPOINT WARNING * * *
Unknown command.
As you read the scroll of teleportation, it crumbles to dust.
You feel strangely unstable. The Ice Fiend gestures at you.
The bolt of cold hits you but does no damage.
You resist. The Ice Fiend gestures at you. The bolt of cold misses you.
Okay, then.
Your surroundings seem slightly different.
The shard shrike is engulfed in freezing vapours.
You block the shard shrike's attack. x2
The shard shrike claws you but does no damage.
The shard shrike claws you!
* * * LOW HITPOINT WARNING * * *
The shard shrike freezes you! You resist.
* * * LOW HITPOINT WARNING * * *
The elemental wellspring is engulfed in freezing vapours.
The water elemental is engulfed in freezing vapours.
The shard shrike is engulfed in freezing vapours.
The shard shrike closely misses you. The Ice Fiend gestures at you.
The bolt of cold misses you.
The titan simulacrum hits you but does no damage.
The shard shrike claws you but does no damage.
The Ice Fiend misses you. The Ice Fiend claws you!
* * * LOW HITPOINT WARNING * * *
The Ice Fiend freezes you! You resist.
You die...

~~~≈≈≈≈≈≈≈≈≈≈..≈≈≈...≈≈≈≈≈≈≈~~**
~~~≈≈≈≈≈≈.....≈≈≈≈≈...≈≈≈≈≈≈~~*
~≈≈≈≈≈......~.≈≈≈≈°.§.≈≈≈≈≈≈~**
~~≈≈≈≈≈≈...~.≈Z≈°°≈≈...≈≈≈≈≈~*
~~~≈≈≈≈≈≈≈.~~≈≈°b≈≈≈≈..≈≈≈≈≈**
***≈≈≈≈≈≈≈≈~~~E≈E≈≈≈≈≈..≈≈≈≈*
≈####≈≈≈≈..Z..ZEZE≈≈≈≈≈.≈≈≈#*
≈≈≈##≈≈≈...≈≈1bZ1bb≈≈≈≈≈≈≈≈#
≈≈≈≈≈≈≈...≈≈≈≈≈.8b≈≈≈≈≈≈≈≈##
≈≈≈≈≈≈..≈≈≈≈≈≈≈≈..≈≈≈≈≈≈≈≈#*
≈≈≈≈≈.≈≈≈≈≈≈≈≈≈~○..≈≈≈≈≈≈~~*
≈≈≈≈≈≈≈≈≈≈≈≈≈≈≈~○......≈≈~~**
≈≈≈§≈≈≈≈≈≈≈≈≈.†~○.....≈≈≈~~~*
≈≈≈≈≈≈§≈≈≈≈≈≈....>^...≈≈≈~~~**
≈≈≈≈≈§≈≈≈≈≈≈.....≈≈≈.≈≈≈≈~~~~**
≈≈≈≈≈§§≈≈≈≈...≈≈≈≈≈≈≈≈≈≈≈~~~~~**
≈≈≈≈≈≈≈≈≈≈^≈≈≈≈≈≈≈≈≈≈≈§≈≈~~~~~~*


You could see 5 shard shrikes, 2 Ice Fiends, an elemental wellspring, 3 water
elementals, 2 dire elephant simulacra, 2 titan simulacra and a caustic shrike
simulacrum.

Vanquished Creatures
  3 dread liches
  12 shard shrikes (Coc:5)
  Parghit (Depths:4)
  A curse toe (Crypt:3)
  Xtahua (Vaults:3)
  Head Instructor (WizLab)
  3 caustic shrikes (Depths:4)
  Geryon (Hell)
  2 golden dragons
  Nikola (Spider:3)
  A profane servitor (Abyss:3)
  Jory (Depths:4)
  5 doom hounds (Depths:2)
  2 bone dragons
  2 hellephants (Depths:2)
  A shard shrike zombie (Abyss:3)
  4 Brimstone Fiends
  Rupert (Lair:2)
  7 tentacled monstrosities
  4 liches
  4 Ice Fiends
  2 deep elf blademasters (Elf:3)
  10 titans
  Murray (Depths:2)
  2 deep elf master archers (Elf:3)
  Asterion (Spider:3)
  2 quicksilver dragons
  3 searing wretches
  10 ancient champions
  10 tentacled starspawn
  8 sphinxes
  An Executioner (Abyss:3)
  Polyphemus (Shoals:3)
  Frances (D:12)
  Kirke (D:12)
  3 azure jellies
  5 shadow dragons
  5 storm dragons
  5 tengu reavers
  4 revenants
  Ilsuiw (Shoals:3)
  A draconian knight (WizLab)
  13 fire giants
  8 frost giants
  6 narguns
  5 deep elf sorcerers
  6 emperor scorpions
  12 vault wardens
  3 shard shrike simulacra
  A spectral caustic shrike (Crypt:2)
  4 ghost moths
  7 balrugs
  5 curse skulls
  2 draconian annihilators
  2 iron dragons
  The ghost of Xahaxisch the Eclecticist, a journeyman DECj of Vehumet (D:14)
  26 ironbound preservers
  2 orc warlords (Orc:2)
  A draconian stormcaller (Depths:4)
  7 deep elf elementalists
  The ghost of Cicylist the Cleaver, a journeyman FoFi of Okawaru (D:14)
  2 broodmothers
  9 vampire knights
  15 stone giants
  3 very ugly things
  10 ironbound thunderhulks
  16 ghouls
  3 war gargoyles
  6 reapers
  A caustic shrike skeleton (Crypt:2)
  12 elemental wellsprings
  5 deep elf demonologists
  10 deep elf annihilators
  4 dire elephants (Vaults:2)
  A lorocyproca (Depths:2)
  A spectral titan (Crypt:2)
  A minotaur (Gauntlet)
  A purple draconian (Depths:4)
  5 wendigos
  A bunyip (shapeshifter) (Abyss:3)
  3 spark wasps (Spider:4)
  2 yellow draconians (Depths:4)
  8 jiangshi
  A spectral iron giant (Crypt:2)
  14 ettins
  3 blizzard demons
  10 deep elf death magi
  4 merfolk javelineers
  4 crystal guardians
  6 merfolk impalers
  2 iron golems
  An acid blob zombie (Crypt:1)
  4 eidola
  6 fire dragons
  14 yaktaur captains
  A spriggan zombie (Crypt:3)
  3 mummy priests (Crypt:3)
  A spectral spriggan (Crypt:2)
  6 great orbs of eyes
  4 entropy weavers
  A spectral fenstrider witch (Crypt:2)
  A spectral shadow dragon (Crypt:2)
  17 deep elf high priests
  A salamander tyrant (Geh:2)
  4 juggernaut simulacra
  2 peacekeepers (Vaults:3)
  5 ice dragons
  5 hydras
  6 rakshasas
  32 vault guards
  8 spriggan air magi
  A catoblepas (Shoals:3)
  4 caustic shrike simulacra
  5 jorogumos
  14 centaur warriors
  An ice dragon (shapeshifter) (Vaults:5)
  3 merfolk avatars
  2 ogre magi
  A radroach (Spider:3)
  2 fenstrider witch zombies
  8 ironbound frosthearts
  8 merfolk aquamancers
  2 satyrs
  23 dancing weapons
  A death yak (shapeshifter) (Abyss:3)
  7 boulder beetles
  3 alligator snapping turtles
  6 death yaks
  11 deep troll shamans
  A stoker (Hell)
  An Orb Guardian skeleton (Crypt:3)
  An azure jelly zombie (Crypt:2)
  A death knight (Crypt:2)
  3 two-headed ogres
  A two-headed ogre (shapeshifter) (Elf:3)
  7 deep troll earth magi
  23 hell hogs
  8 tengu warriors
  16 thrashing horrors
  10 vampire magi
  9 death scarabs (Spider:4)
  13 hell knights
  2 spectral emperor scorpions (Spider:4)
  2 titan zombies
  19 deep elf knights
  2 spriggan berserkers
  2 storm dragon zombies
  Nergalle (Lair:1)
  A soul eater (Hell)
  12 sun demons
  5 orc high priests
  7 skysharks
  32 skeletal warriors
  Amaemon (Lair:1)
  A salamander mystic (WizLab)
  A shadow wraith (Crypt:3)
  Lodul (D:11)
  10 pharaoh ants
  A death drake (shapeshifter) (Abyss:3)
  2 quicksilver dragon simulacra
  An anaconda zombie (Hell)
  8 wretched stars (Abyss:3)
  A bunyip zombie (Crypt:3)
  A spectral anaconda (Crypt:2)
  17 iron trolls
  11 sea snakes
  62 deep trolls
  2 bog bodies
  5 flayed ghosts
  4 orb spiders
  10 deep elf archers
  5 glowing orange brains
  3 spriggan simulacra
  8 wizards
  8 spectral wolf spiders (Spider:4)
  2 bunyip skeletons
  8 steelbarb worms
  An iron giant zombie (Crypt:2)
  5 wolf spider zombies (Spider:4)
  11 lindwurms
  17 phantasmal warriors
  24 wolf spiders
  12 necromancers
  6 mana vipers (WizLab)
  8 harpies
  A stone giant zombie (Vaults:1)
  6 fauns
  6 orc sorcerers
  15 ironbound convokers
  4 orc knights
  35 deep elf pyromancers
  16 deep elf zephyrmancers
  A jorogumo skeleton (Crypt:2)
  6 cyclopes
  15 manticores
  A goliath frog skeleton (Crypt:2)
  4 moths of wrath
  26 ugly things
  A faun (shapeshifter) (Elf:3)
  A stone giant skeleton (Crypt:2)
  3 rust devils
  A spectral ettin (Crypt:2)
  12 merfolk sirens
  An elephant (shapeshifter) (Elf:2)
  6 worldbinders (Abyss:3)
  2 black mambas
  5 elephants
  Maurice (D:11)
  A shock serpent zombie (Crypt:2)
  2 water nymphs
  2 guardian serpents (Depths:3)
  A guardian serpent (shapeshifter) (Abyss:3)
  A dire elephant zombie (Crypt:2)
  2 human skeletons (Vaults:1)
  2 apocalypse crabs (Abyss:3)
  A centaur zombie (Crypt:3)
  A naga mage (WizLab)
  A cane toad (shapeshifter) (D:14)
  4 demonic crawlers
  9 cane toads
  7 smoke demons
  19 vault sentinels
  A titan simulacrum (Coc:2)
  A centaur skeleton (Crypt:3)
  3 torpor snails
  2 eyes of devastation (shapeshifter)
  4 gargoyles
  8 unseen horrors
  2 orange demons
  5 rime drakes
  2 storm dragon simulacra (Coc:1)
  11 hellions
  A dire elephant skeleton (Abyss:3)
  A green draconian zombie (Crypt:3)
  A grey draconian zombie (Crypt:2)
  A kobold demonologist (Bailey)
  A yaktaur (shapeshifter) (Depths:4)
  4 tormentors
  8 komodo dragons
  2 efreet (D:14)
  4 spectral redbacks (Spider:4)
  2 redback zombies
  37 yaktaurs
  A sea snake zombie (Hell)
  A red devil (Depths:3)
  6 ancient zymes
  10 tengu conjurers
  6 freezing wraiths
  5 trolls
  5 anaconda simulacra
  11 guardian mummies (Crypt:3)
  An iron giant simulacrum (Coc:4)
  31 merfolk
  A harpy zombie (Hell)
  A queen bee (shapeshifter) (D:15)
  A merfolk (shapeshifter) (Vaults:4)
  5 polar bears
  A meliai (shapeshifter) (Abyss:3)
  Grinder (D:3)
  A hydra zombie (Crypt:1)
  2 harpy skeletons (Crypt:3)
  A shadow dragon simulacrum (Crypt:2)
  A mana viper skeleton (Crypt:3)
  21 tarantellas
  2 spectral tarantellas (Spider:4)
  A wolf spider simulacrum (Spider:4)
  4 spectral jumping spiders (Spider:4)
  3 hornets
  A death drake skeleton (Crypt:3)
  11 wind drakes
  A hydra skeleton (Crypt:1)
  A spectral culicivora (Spider:4)
  11 snapping turtles
  17 dream sheep
  7 blink frogs
  A jumping spider zombie (Spider:4)
  4 raiju (Abyss:3)
  2 tarantella zombies (Spider:4)
  A culicivora zombie (Spider:4)
  15 flying skulls
  An iron dragon simulacrum (Coc:2)
  30 jumping spiders
  19 slime creatures
  A spriggan (shapeshifter) (D:15)
  An air elemental (Elf:1)
  A jumping spider (shapeshifter) (D:13)
  2 centaur simulacra
  3 ettin skeletons
  An alligator skeleton (Hell)
  A shadow (D:11)
  16 culicivoras
  3 dire elephant simulacra
  3 ushabtiu (Crypt:3)
  21 water elementals
  9 wraiths
  55 starcursed masses
  4 wyverns
  7 ynoxinuls
  A hog (D:12)
  4 fire bats
  15 yaks
  3 basilisks
  An alligator snapping turtle simulacrum (Coc:3)
  Grum (D:11)
  A human (Depths:3)
  15 large abominations
  4 steam dragons
  6 chaos spawn
  A sea snake simulacrum (Hell)
  37 redbacks
  A fire bat zombie (Crypt:1)
  An elf simulacrum (Vaults:4)
  A fire elemental (Elf:1)
  6 vampire mosquitoes
  8 harpy simulacra
  2 human simulacra
  A redback (shapeshifter) (Vaults:5)
  Edmund (D:6)
  A deep troll zombie (Crypt:2)
  A merfolk zombie (Crypt:2)
  2 neqoxecs (Abyss:3)
  2 wargs (Orc:2)
  3 naga zombies
  6 hydra simulacra
  3 hell hounds (Gauntlet)
  An ogre skeleton (Vaults:4)
  An acid dragon (D:14)
  A cane toad zombie (Crypt:1)
  41 orc warriors
  A fire bat skeleton (Crypt:3)
  14 water moccasins
  6 black bears
  3 ettin simulacra
  A fire dragon simulacrum (Coc:1)
  An ice beast (D:8)
  A black mamba simulacrum (Crypt:3)
  4 sky beasts (D:7)
  A manticore zombie (Crypt:1)
  7 wolves
  7 boggarts
  A dream sheep zombie (Crypt:1)
  2 lemures (D:5)
  9 ogres
  8 centaurs
  2 kobold brigands
  11 small abominations
  5 bullfrogs
  2 necrophages (Crypt:2)
  A scorpion (D:4)
  4 naga simulacra
  2 gnoll sergeants
  2 earth elementals
  14 wights
  A water moccasin skeleton (Crypt:3)
  8 killer bees
  5 spriggan skeletons
  11 howler monkeys
  3 electric eels
  A crimson imp (Abyss:3)
  9 hounds
  3 quasits
  3 human zombies
  8 orc priests
  A bullfrog skeleton (Crypt:2)
  2 iron imps (Abyss:3)
  14 jellies
  3 gnoll boudas
  A hell rat (D:11)
  A sleepcap (D:6)
  4 iguanas
  22 orc wizards
  An acid dragon skeleton (Crypt:3)
  3 mummies
  Robin (D:2)
  24 gnolls
  10 adders
  2 river rats (D:11)
  3 white imps
  2 ufetubi
  A jelly zombie (Crypt:2)
  2 adder zombies (Ossuary)
  4 worms
  A dart slug (D:3)
  91 orcs
  8 endoplasms
  3 giant cockroaches
  19 hobgoblins
  10 jackals
  4 quokkas
  6 ball pythons
  5 bats
  4 frilled lizards
  A frilled lizard zombie (Crypt:1)
  24 goblins
  2 goblin zombies (Ossuary)
  A hobgoblin skeleton (Crypt:1)
  11 hobgoblin zombies (Ossuary)
  A jackal zombie (Ossuary)
  20 kobolds
  13 kobold zombies (Ossuary)
  6 orc zombies (Ossuary)
  10 rats
  A creeping inferno (Hell)
  8 fire vortices
  2 lurking horrors (Abyss:3)
  4 starspawn tentacles (Abyss:3)
2455 creatures vanquished.

Vanquished Creatures (collateral kills)
  2 killer bees (D:11)
  A goblin (Bailey)
3 creatures vanquished.

Vanquished Creatures (others)
  An elemental wellspring (Coc:5)
  2 wendigos
  2 juggernaut simulacra (Coc:2)
  A deep troll earth mage (Depths:1)
  A fenstrider witch simulacrum (Coc:2)
  A deep elf zephyrmancer (Elf:1)
  A wizard (D:15)
  An orc knight (Bailey)
  2 deep elf pyromancers (Elf:3)
  A manticore (Shoals:4)
  A large abomination (Abyss:3)
  A komodo dragon (D:11)
  An anaconda simulacrum (Coc:3)
  An unseen horror (Abyss:3)
  An ice devil (Hell)
  A golden dragon simulacrum (Coc:2)
  3 iron giant simulacra (Coc:5)
  A shadow dragon simulacrum (Coc:2)
  2 water elementals
  A dire elephant simulacrum (Coc:2)
  An alligator snapping turtle simulacrum (Coc:3)
  4 humans (D:12)
  A vampire mosquito (D:14)
  A harpy simulacrum (Coc:3)
  An orc warrior (Bailey)
  A boggart (Vaults:2)
  A naga simulacrum (Coc:3)
  A small abomination (Abyss:3)
  An orc wizard (Elf:1)
  2 creeping infernos (Hell)
  27 demonic plants (Gauntlet)
  34 fungi
  3 lurking horrors (Abyss:3)
  101 plants
  17 starspawn tentacles
222 creatures vanquished.

Grand Total: 2680 creatures vanquished

Notes
Turn   | Place    | Note
-------+----------+-------------------------------------------
     0 | D:1      | Fartwhistle the Troll Transmuter began the quest for the
                  | Orb.
     0 | D:1      | Reached XP level 1. HP: 18/18 MP: 1/1
    69 | D:1      | Found Ryibin's General Store.
    97 | D:1      | Reached XP level 2. HP: 26/26 MP: 0/2
   227 | D:1      | Bought a scroll of identify for 22 gold pieces
   597 | D:1      | Reached XP level 3. HP: 22/32 MP: 3/3
   928 | D:2      | Learned a level 2 spell: Wereblood
  1068 | D:2      | Identified the +0 robe "Hueb" {rElec rF+ Int-5 Slay+6}
  1165 | D:2      | Reached skill level 1 in Fighting
  1179 | D:2      | Noticed Robin
  1186 | D:2      | Killed Robin
  1187 | D:2      | Reached XP level 4. HP: 29/41 MP: 1/4
  1920 | D:3      | Noticed a centaur
  1926 | D:3      | Killed a centaur
  1927 | D:3      | Reached XP level 5. HP: 40/53 MP: 5/5
  2227 | D:3      | Noticed Grinder
  2233 | D:3      | Killed Grinder
  2234 | D:3      | Reached skill level 1 in Evocations
  2234 | D:3      | Reached XP level 6. HP: 62/62 MP: 6/6
  2404 | D:3      | Found a shadowy altar of Dithmenos.
  2463 | D:3      | Found an ornate altar of the Wu Jian Council.
  2923 | D:4      | Found a sand-covered staircase.
  2994 | Ossuary  | Entered an ossuary
  3031 | Ossuary  | Reached XP level 7. HP: 71/71 MP: 7/7
  3444 | D:4      | Reached skill level 5 in Fighting
  3918 | D:5      | Entered Level 5 of the Dungeon
  4155 | D:5      | Reached XP level 8. HP: 75/80 MP: 4/8
  4331 | D:5      | Identified a scroll of acquirement
  4357 | D:5      | Reached skill level 5 in Unarmed Combat
  4487 | D:5      | Found a stormy altar of Qazlal.
  4754 | D:5      | Found a staircase to the Ecumenical Temple.
  4761 | Temple   | Entered the Ecumenical Temple
  5180 | D:6      | Acquired 1036 gold pieces
  5449 | D:6      | Noticed Edmund
  5457 | D:6      | Killed Edmund
  5767 | D:6      | Found a basalt altar of Yredelemnul.
  5772 | D:6      | Found Naaxeng's Tiny Tomes.
  5777 | D:6      | Bought Hoew's Incunable of Breccia for 168 gold pieces
  5784 | D:6      | Learned a level 6 spell: Statue Form
  5989 | D:6      | Reached XP level 9. HP: 92/92 MP: 9/9
  6020 | D:6      | Found a snail-covered altar of Cheibriados.
  6020 | D:6      | Found an opulent altar of Gozag.
  6039 | D:6      | Became a worshipper of Cheibriados the Contemplative
  6079 | D:7      | Reached skill level 1 in Earth Magic
  6308 | D:7      | Noticed a two-headed ogre
  6315 | D:7      | Killed a two-headed ogre
  6367 | D:7      | Reached * piety under Cheibriados
  7129 | D:8      | Reached XP level 10. HP: 102/102 MP: 10/10
  7365 | D:8      | Reached skill level 1 in Invocations
  7454 | D:8      | Reached ** piety under Cheibriados
  7462 | D:8      | Reached skill level 5 in Earth Magic
  7469 | D:8      | Reached skill level 5 in Transmutations
  7726 | D:8      | Noticed a deep elf pyromancer
  7730 | D:8      | Killed a deep elf pyromancer
  7739 | D:8      | Noticed a deep elf pyromancer
  7752 | D:8      | Killed a deep elf pyromancer
  7753 | D:8      | Reached skill level 5 in Invocations
  8160 | D:9      | Found a flagged portal.
  8175 | Bailey   | Entered a bailey
  8248 | Bailey   | Noticed an orc knight
  8274 | Bailey   | Reached *** piety under Cheibriados
  8425 | Bailey   | Found an iron altar of Okawaru.
  8425 | Bailey   | Noticed an orc high priest
  8433 | Bailey   | Killed an orc high priest
  8434 | Bailey   | Reached XP level 11. HP: 100/109 MP: 15/15
  8460 | Bailey   | Identified the +0 ring mail of Fesmoa {rN+}
  8477 | Bailey   | Acquired 889 gold pieces
  8498 | Bailey   | Identified the +4 sling of Demonic Judgement {antimagic,
                  | rElec Stlth+}
  8916 | D:9      | Reached **** piety under Cheibriados
  9099 | D:9      | Found a burning altar of Makhleb.
  9242 | D:9      | Identified the +7 war axe of the Vase {holy, Str+4 Int+2}
  9414 | D:9      | Identified the amulet "Xeruira" {+Inv Fly rN+ Regen+}
  9616 | D:10     | Entered Level 10 of the Dungeon
  9630 | D:10     | Noticed a cyan ugly thing
  9775 | D:10     | Killed a cyan ugly thing
  9968 | D:10     | Found a sparkling altar of Nemelex Xobeh.
 10029 | D:10     | Identified the +2 scale mail "Yschuf" {+Inv Int+2}
 10115 | D:10     | Reached ***** piety under Cheibriados
 10804 | D:11     | Noticed Lodul
 10835 | D:11     | Noticed Grum
 10848 | D:11     | Killed Lodul
 10969 | D:11     | Noticed Maurice
 10979 | D:11     | Killed Maurice
 11078 | D:11     | Noticed a death yak
 11099 | D:11     | Noticed a death yak
 11100 | D:11     | Noticed a death yak
 11102 | D:11     | Killed a death yak
 11166 | D:11     | Learned a level 3 spell: Ozocubu's Armour
 11168 | D:11     | Found Qoesik's Assorted Antiques.
 11176 | D:11     | Bought a wand of flame (3) for 73 gold pieces
 11176 | D:11     | Bought a scroll labelled DUYSEY ZUREMP for 35 gold pieces
 11176 | D:11     | Bought a scroll labelled WUNOPS QYUDGH for 35 gold pieces
 11176 | D:11     | Bought a scroll of identify for 70 gold pieces
 11197 | D:11     | Killed Grum
 11352 | D:11     | Found a staircase to the Lair.
 11408 | D:11     | Killed a death yak
 11413 | D:11     | Killed a death yak
 11414 | D:11     | Reached XP level 12. HP: 42/118 MP: 12/17
 11824 | D:12     | Noticed a boulder beetle
 11848 | D:12     | Killed a boulder beetle
 11890 | D:12     | Noticed a two-headed ogre
 11892 | D:12     | Noticed a two-headed ogre
 11900 | D:12     | Noticed a boulder beetle
 11911 | D:12     | Killed a boulder beetle
 12031 | D:12     | Noticed a boulder beetle
 12047 | D:12     | Killed a boulder beetle
 12113 | D:12     | Noticed Frances
 12528 | D:12     | Found a portal to a secret trove of treasure.
 12608 | D:12     | Found a staircase to the Orcish Mines.
 12610 | Abyss:1  | Found a corrupted altar of Lugonu.
 12610 | Abyss:1  | Cast into level 1 of the Abyss (orc)
 12667 | Abyss:1  | Noticed a starcursed mass
 12752 | Abyss:1  | Reached skill level 10 in Earth Magic
 12767 | Abyss:2  | Found a corrupted altar of Lugonu.
 12819 | Abyss:2  | Noticed an ancient lich
 12923 | Abyss:2  | Noticed a starcursed mass
 12973 | Abyss:2  | Noticed a starcursed mass
 13035 | Abyss:2  | Noticed a rakshasa
 13046 | Abyss:2  | Noticed a tentacled starspawn
 13058 | Abyss:2  | Killed a tentacled starspawn
 13061 | Abyss:2  | Noticed a dread lich
 13065 | Abyss:2  | Paralysed by a dread lich for 5 turns
 13066 | Abyss:2  | Noticed a Brimstone Fiend
 13071 | Abyss:2  | Killed a dread lich
 13072 | Abyss:2  | Reached XP level 13. HP: 102/124 MP: 6/18
 13081 | Abyss:2  | Noticed a tentacled starspawn
 13083 | Abyss:2  | Noticed a tentacled monstrosity
 13085 | Abyss:2  | Killed a tentacled starspawn
 13092 | Abyss:2  | Killed a tentacled monstrosity
 13102 | D:12     | Escaped the Abyss
 13252 | D:12     | Noticed Kirke
 13263 | D:12     | Killed Kirke
 13272 | D:12     | Killed Frances
 13620 | Lair:1   | Entered Level 1 of the Lair of Beasts
 13644 | Lair:1   | Found a gate leading to a gauntlet.
 13657 | Gauntlet | Entered a Gauntlet
 13657 | Gauntlet | Found a transporter.
 13657 | Gauntlet | Found a transporter.
 13658 | Gauntlet | Found a transporter.
 13658 | Gauntlet | Found a transporter.
 13661 | Gauntlet | Found a transporter.
 13671 | Gauntlet | Found a transporter.
 13686 | Gauntlet | Found a transporter.
 13694 | Gauntlet | Found a transporter.
 13711 | Gauntlet | Found a transporter.
 13719 | Gauntlet | Found a transporter.
 13736 | Gauntlet | Found a transporter.
 13788 | Gauntlet | Found a transporter.
 13891 | Gauntlet | Identified the ring "Sissamumae" {Drain Fly rElec rPois
                  | Int-5}
 13991 | Gauntlet | Identified the +4 pair of boots of the End {rElec Str+3}
 14036 | Gauntlet | Identified the +2 plate armour of Xaphuh {Str+6}
 14036 | Gauntlet | Noticed a minotaur
 14045 | Gauntlet | Killed a minotaur
 14139 | Gauntlet | Identified the +2 ring mail of Riash {rN+ rCorr}
 14219 | Lair:1   | Noticed Nergalle
 14223 | Lair:1   | Killed Nergalle
 14224 | Lair:1   | Reached skill level 1 in Shields
 14381 | Lair:1   | Noticed Amaemon
 14387 | Lair:1   | Killed Amaemon
 15860 | Lair:3   | Noticed Rupert
 15881 | Lair:2   | Killed Rupert
 15883 | Lair:2   | Reached skill level 10 in Fighting
 15962 | Lair:2   | Reached XP level 14. HP: 139/143 MP: 17/19
 15995 | Lair:3   | Identified the +6 sling "Racs" {drain, Str+5 SInv}
 16042 | Lair:3   | Found a staircase to the Shoals.
 16171 | Lair:3   | Found a hole to the Spider Nest.
 17332 | Lair:4   | Identified the +4 quarterstaff of Eternal Vigilance
                  | {freeze, Int+3}
 17945 | Lair:5   | Entered Level 5 of the Lair of Beasts
 18130 | Lair:5   | Reached skill level 5 in Shields
 18572 | Lair:5   | Found a staircase to the Slime Pits.
 18593 | Lair:5   | Found a viscous altar of Jiyva.
 19268 | D:13     | Reached ****** piety under Cheibriados
 19274 | D:13     | Reached skill level 10 in Unarmed Combat
 19699 | D:13     | Found a gate to the Vaults.
 19704 | D:13     | HP: 1/146 [two-headed ogre/+0 giant club (31)]
 20160 | D:14     | Found a runed translucent gate.
 20161 | D:14     | Found a runed translucent gate.
 20162 | D:14     | Found a runed translucent gate.
 20204 | D:14     | Noticed Cicylist's ghost (journeyman FoFi)
 20205 | D:14     | Noticed Xahaxisch's ghost (journeyman DECj)
 20532 | D:14     | Reached XP level 15. HP: 148/156 MP: 14/20
 20776 | D:14     | Found a runed translucent door.
 20776 | D:14     | Noticed a storm dragon
 20783 | D:14     | Found a runed translucent door.
 20785 | D:14     | Noticed a storm dragon
 20787 | D:14     | Noticed a tengu reaver
 20795 | D:14     | Noticed a fire giant
 20997 | D:14     | Killed Xahaxisch's ghost
 21001 | D:14     | Killed Cicylist's ghost
 21076 | D:14     | Identified the ring of Lear {rElec rN+ Will+}
 21112 | D:15     | Entered Level 15 of the Dungeon
 21374 | D:15     | Found a basalt altar of Yredelemnul.
 21433 | D:15     | Found a blossoming altar of Fedhas.
 22051 | D:15     | Found a staircase to the Depths.
 22194 | Orc:1    | Entered Level 1 of the Orcish Mines
 22362 | Orc:1    | Found Qenkonuh's Jewellery Boutique.
 22437 | Orc:2    | Entered Level 2 of the Orcish Mines
 22443 | Orc:2    | Found a staircase to the Elven Halls.
 22491 | Orc:2    | Found Osiodeur's Antique Weapon Shop.
 22661 | Orc:2    | Found Duheodyt's Antique Armour Emporium.
 22823 | Orc:2    | Found Oxoinetwekk's Book Shoppe.
 22879 | Orc:2    | Found Aoyq's Alliterative Accessories.
 22957 | Orc:2    | Bought a wand of acid (4) for 218 gold pieces
 22969 | Orc:2    | Found Kadir's General Store.
 22978 | Orc:2    | Bought a scroll of brand weapon for 142 gold pieces
 22978 | Orc:2    | Bought a scroll of fear for 60 gold pieces
 23026 | Orc:2    | Found a runed translucent door.
 23039 | Orc:2    | Found a shimmering altar of Xom.
 23039 | Orc:2    | Noticed sexsifox's ghost (journeyman HuBe)
 23771 | Spider:1 | Entered Level 1 of the Spider Nest
 25081 | Spider:2 | Reached skill level 5 in Dodging
 25082 | Spider:2 | Reached XP level 16. HP: 170/170 MP: 14/21
 25272 | Spider:2 | Identified the scarf "Nocs" {repulsion, Int+3}
 26038 | Spider:3 | Noticed Nikola
 26054 | Spider:3 | Killed Nikola
 26338 | Spider:3 | Noticed Asterion
 26348 | Spider:3 | Noticed an Executioner
 26349 | Spider:3 | Killed Asterion
 26585 | Spider:4 | Entered Level 4 of the Spider Nest
 27047 | Spider:4 | Reached skill level 10 in Dodging
 27655 | Spider:4 | Reached XP level 17. HP: 180/180 MP: 1/22
 28549 | Spider:4 | Identified the +2 hat of Nechih {Dex+3}
 28574 | Spider:4 | Got a gossamer rune of Zot
 28755 | Shoals:1 | Entered Level 1 of the Shoals
 29058 | Shoals:1 | Reached skill level 5 in Spellcasting
 29842 | Orc:2    | Bought a manual of Air Magic for 1040 gold pieces
 29842 | Orc:2    | Bought a book of Annihilations for 780 gold pieces
 29843 | Orc:2    | Reached XP level 18. HP: 189/189 MP: 24/24
 29844 | Orc:2    | Reached XP level 19. HP: 197/197 MP: 25/25
 29845 | Orc:2    | Reached XP level 20. HP: 206/206 MP: 26/26
 30481 | Shoals:2 | Reached skill level 5 in Armour
 30578 | Shoals:2 | You fall into a shaft and drop 1 floor!
 30721 | Shoals:3 | Noticed Polyphemus
 30730 | Shoals:3 | Killed Polyphemus
 30814 | Shoals:3 | Reached skill level 15 in Unarmed Combat
 31083 | Shoals:3 | Noticed Ilsuiw
 31097 | Shoals:3 | Killed Ilsuiw
 31105 | Shoals:3 | Reached XP level 21. HP: 217/217 MP: 27/27
 31196 | Shoals:3 | Found Ojitietti's Jewellery Shop.
 31198 | Shoals:3 | Bought the ring "Daefiv" {rElec rC++ Will+ Dex+6 Stlth-}
                  | for 1147 gold pieces
 31356 | Shoals:4 | Entered Level 4 of the Shoals
 31428 | Shoals:4 | Reached skill level 15 in Fighting
 31646 | Shoals:4 | Identified the +0 robe "Bokiunwy" {rPois Regen+ rCorr}
 31942 | Shoals:4 | Got Sif Muna's Catalogue of the Winter
 32033 | Shoals:4 | Learned a level 6 spell: Iron Shot
 32074 | Shoals:4 | Got a barnacled rune of Zot
 32457 | Elf:1    | Entered Level 1 of the Elven Halls
 32503 | Elf:1    | Found a radiant altar of Vehumet.
 32558 | Elf:1    | Found Amahi's General Store.
 32707 | Elf:1    | Found Igeghouz's Distillery.
 32717 | Elf:1    | Bought a potion of resistance for 140 gold pieces
 32717 | Elf:1    | Bought a potion of heal wounds for 70 gold pieces
 32717 | Elf:1    | Bought a potion of heal wounds for 70 gold pieces
 32717 | Elf:1    | Bought a potion of heal wounds for 70 gold pieces
 32717 | Elf:1    | Bought a potion of curing for 42 gold pieces
 32845 | Elf:1    | Found Mohuzied's Jewellery Shoppe.
 32856 | Elf:1    | Bought the amulet "Taulaov" {Faith Will++ Str-4 Int-2
                  | Slay+2} for 1079 gold pieces
 32933 | Elf:1    | Found Usmoucak's Book Boutique.
 33084 | Elf:1    | Found a runed translucent gate.
 33084 | Elf:1    | Found a runed translucent gate.
 33084 | Elf:1    | Found a runed translucent gate.
 33084 | Elf:1    | Found a runed translucent gate.
 33084 | Elf:1    | Found a runed translucent gate.
 33085 | Elf:1    | Found a runed translucent gate.
 33284 | Elf:1    | Found Siuf Ymo's Assorted Antiques.
 33924 | Elf:2    | Found Kurap's Jewellery Emporium.
 34379 | Elf:2    | Found a runed translucent gate.
 34379 | Elf:2    | Found a runed translucent gate.
 34379 | Elf:2    | Found a runed translucent gate.
 34872 | Elf:3    | Entered Level 3 of the Elven Halls
 34921 | Elf:3    | Reached skill level 15 in Earth Magic
 34928 | Elf:3    | Found a magical portal.
 34933 | WizLab   | Entered Yara's Duelist Academy
 34996 | WizLab   | Noticed Reja
 35372 | WizLab   | Got Yara's Elucidation of the Evil Eye
 35416 | WizLab   | Killed Reja the Head Instructor
 35621 | WizLab   | Got Kodghun's Atlas of Beguiling and Nonlocality
 35938 | Elf:3    | Reached XP level 22. HP: 228/234 MP: 25/31
 36641 | Elf:3    | Identified the ring "Punao" {Wiz rElec Str+4}
 36785 | Elf:3    | Gained mutation: You are dopey. (Int -2) [a neqoxec]
 36839 | Elf:3    | Got the Vademecum on Hurting
 36861 | Elf:3    | Identified the ring "Bivaor" {rElec rPois Will+ EV+5 Int+2}
 36870 | Elf:3    | Identified the +0 quarterstaff of Satyriasis {freeze,
                  | rPois}
 36871 | Elf:3    | Identified the staff of earth "Eniegus" {rPois Str+6}
 36887 | Elf:3    | Identified the +0 cloak of the Endless Expanse {rElec
                  | rPois}
 36890 | Elf:3    | Identified the +5 war axe of Ommu {spect, rN+}
 36924 | Elf:3    | Identified the ring of the Enchanting Traitor {Fly Will+
                  | Int-4 Dex+4}
 36939 | Elf:3    | Identified the ring of Urghegel {rF+++ rN++ Str-5 Int-4
                  | SInv}
 36964 | Elf:3    | Got the Parchment of the Aerial Torch
 36966 | Elf:3    | Identified the staff of earth "Neuteg" {rC- Will+ Dex+3}
 36974 | Elf:3    | Identified the ring of Elyvilon's Displeasure {rC+ rN+
                  | rCorr}
 36980 | Elf:3    | Identified the staff of earth "Rin Nupn" {rCorr Str-5 Dex+2
                  | SInv}
 37337 | Depths:1 | Entered Level 1 of the Depths
 37532 | Depths:1 | Found Azoh's Assorted Antiques.
 37534 | Depths:1 | Found Nonoesh's Armour Boutique.
 37534 | Depths:1 | Found Orobb's Weapon Shop.
 37539 | Depths:1 | Found Aralog's Jewellery Shop.
 37555 | Depths:1 | You fall into a shaft and drop 1 floor!
 37555 | Depths:2 | Found a gateway to Hell.
 37884 | Depths:2 | Identified the +4 short sword of Gluttony {freeze, rN+}
 37942 | Depths:2 | Acquired the +2 hat "Earthly Heaven" {rPois rF+++ Regen+}
 38099 | Depths:2 | Found Harosej's Antique Armour Shoppe.
 38107 | Depths:2 | Bought pitted fire dragon scales for 1560 gold pieces
 38107 | Depths:2 | Identified the +3 fire dragon scales of the Armoured One
                  | {Rampage rF++ rC- Will+ Str+3 Dex+3} (You bought it in a
                  | shop on level 2 of the Depths)
 38137 | Depths:2 | Found a glowing golden altar of the Shining One.
 38306 | Depths:2 | Found a one-way gate leading to the halls of Pandemonium.
 39153 | Depths:1 | Found a one-way gateway to a ziggurat.
 39373 | Depths:3 | Reached skill level 1 in Throwing
 39464 | Depths:3 | Found a flickering gateway to a bazaar.
 39470 | Depths:3 | Found Tuoff's Magic Scroll Emporium.
 39485 | Depths:3 | Found a one-way gate to the infinite horrors of the Abyss.
 39491 | Bazaar   | Entered a bazaar
 39491 | Bazaar   | Found Rorar's Magic Scroll Shop.
 39496 | Bazaar   | Found Anaxtim's Antique Weapon Shoppe.
 39498 | Bazaar   | Bought a scroll of blinking for 75 gold pieces
 39499 | Bazaar   | Found Kusen's Jewellery Emporium.
 39502 | Bazaar   | Found Wiprocup's Antique Weapon Shop.
 39548 | Depths:3 | Reached XP level 23. HP: 247/247 MP: 30/32
 39722 | Depths:3 | Found Maupsim's General Store.
 39747 | Depths:3 | Bought a potion of might for 88 gold pieces
 39747 | Depths:3 | Bought a scroll of teleportation for 66 gold pieces
 39747 | Depths:3 | Bought a scroll of fear for 88 gold pieces
 39763 | Depths:3 | Found Gozag's Antique Weapon Boutique.
 39776 | Depths:3 | Found an opulent altar of Gozag.
 39779 | Depths:3 | Found Gozag's Antique Armour Shop.
 39806 | Depths:3 | Reached skill level 5 in Throwing
 39813 | Depths:3 | Found a broken altar of Ashenzari.
 39840 | Depths:3 | Found Gozag's Antique Armour Shop.
 40004 | Depths:3 | Found Icoov's Distillery.
 40013 | Depths:3 | Bought a potion of resistance for 120 gold pieces
 40013 | Depths:3 | Bought a potion of magic for 96 gold pieces
 40013 | Depths:3 | Bought a potion of resistance for 120 gold pieces
 40207 | Depths:3 | Bought a scroll of teleportation for 48 gold pieces
 40207 | Depths:3 | Bought a scroll of enchant armour for 120 gold pieces
 40207 | Depths:3 | Bought a scroll of teleportation for 48 gold pieces
 40207 | Depths:3 | Bought a scroll of magic mapping for 120 gold pieces
 40287 | Depths:4 | Entered Level 4 of the Depths
 40311 | Depths:4 | Noticed Jory
 40317 | Depths:4 | Killed Jory
 40362 | Depths:4 | Noticed a caustic shrike
 40364 | Depths:4 | Noticed a caustic shrike
 40365 | Depths:4 | Noticed a caustic shrike
 40367 | Depths:4 | Killed a caustic shrike
 40369 | Depths:4 | Killed a caustic shrike
 40371 | Depths:4 | Killed a caustic shrike
 40837 | Depths:4 | Found a radiant altar of Vehumet.
 40960 | Depths:4 | Noticed Parghit
 40966 | Depths:4 | Killed Parghit
 41132 | Depths:4 | Found a gate to the Realm of Zot.
 41526 | Vaults:1 | Entered Level 1 of the Vaults
 43139 | Abyss:3  | Cast into level 3 of the Abyss (vault warden)
 43157 | Abyss:3  | Found a corrupted altar of Lugonu.
 43166 | Vaults:2 | Escaped the Abyss
 43315 | Vaults:2 | Reached XP level 24. HP: 261/261 MP: 29/32
 44176 | Vaults:3 | Found a staircase to the Crypt.
 44206 | Vaults:3 | Noticed Xtahua
 44212 | Vaults:3 | Killed Xtahua
 44520 | Vaults:3 | Found Qaluc's Distillery.
 44528 | Vaults:3 | Bought a potion of attraction for 57 gold pieces
 44528 | Vaults:3 | Bought a potion of magic for 152 gold pieces
 44528 | Vaults:3 | Bought 2 potions of curing for 114 gold pieces
 44528 | Vaults:3 | Bought a potion of curing for 57 gold pieces
 44537 | Vaults:3 | Learned a level 8 spell: Necromutation
 44868 | Vaults:3 | Reached skill level 1 in Necromancy
 44996 | Vaults:3 | Identified the +3 arbalest of Kukkuc {flame, *Slow MP+9
                  | Str+6}
 45349 | Vaults:4 | Found Fakiomon's Assorted Antiques.
 46239 | D:12     | You paid a toll of 6 scrolls of fear to enter a treasure
                  | trove
 46240 | Trove    | Entered a treasure trove
 46273 | Trove    | Identified the amulet of Reeqash {Acrobat SInv}
 46304 | Trove    | Got Sif Muna's Thoughts on the Amassed Gestalt
 46306 | Trove    | Got Sif Muna's Handbook of Accomplices and Composition
 46575 | Vaults:5 | Entered Level 5 of the Vaults
 46582 | Vaults:5 | Reached skill level 5 in Necromancy
 46798 | Vaults:5 | Reached XP level 25. HP: 269/273 MP: 31/34
 47126 | Vaults:5 | Identified the +6 arbalest of the Crushed Beds {freeze,
                  | rF++ Str-5}
 47213 | Vaults:5 | Identified the amulet of Yninlof {Reflect -Cast Str+9
                  | Slay-3 SH+5}
 47217 | Vaults:5 | Got a silver rune of Zot
 47246 | Vaults:5 | Noticed a dread lich
 47249 | Vaults:5 | Noticed a dread lich
 47255 | Vaults:5 | Killed a dread lich
 47256 | Vaults:5 | Killed a dread lich
 48070 | Crypt:1  | Entered Level 1 of the Crypt
 48510 | Crypt:1  | Found an ancient bone altar of Kikubaaqudgha.
 48533 | Crypt:1  | You fall into a shaft and drop 1 floor!
 49121 | Crypt:2  | Reached skill level 10 in Invocations
 49277 | Crypt:1  | Reached skill level 10 in Necromancy
 49550 | Crypt:3  | Entered Level 3 of the Crypt
 49833 | Crypt:3  | Reached XP level 26. HP: 286/286 MP: 35/35
 50154 | Crypt:3  | Found a basalt altar of Yredelemnul.
 50158 | Crypt:3  | Found an ancient bone altar of Kikubaaqudgha.
 50171 | Crypt:3  | Identified the ring of the Gloaming {rN+ Str+3}
 50171 | Crypt:3  | Identified the ring "Araqainu" {rN+ Dex+2}
 50171 | Crypt:3  | Identified the ring of Xom's Malicious Joy {Fly rN+}
 50187 | Crypt:3  | Identified the staff of air "Xutin" {rElec Dex+3}
 50188 | Crypt:3  | Identified the +3 scimitar of the Imbibing Gods {drain,
                  | *Rage rElec Dex+3 Stlth+}
 50239 | Crypt:3  | Got Jigh's Spellbook of Heavy Ice
 50604 | Crypt:3  | Found a staircase to the Tomb.
 51084 | Hell     | Entered the Vestibule of Hell
 51084 | Hell     | Noticed Geryon
 51089 | Hell     | Noticed Murray
 51367 | Depths:2 | Killed Murray
 51720 | Depths:2 | Reached skill level 10 in Transmutations
 51855 | Hell     | Killed Geryon
 52074 | Hell     | Found a gateway to the freezing wastes of Cocytus.
 52262 | Hell     | Found a gateway to the Iron City of Dis.
 52330 | Hell     | Found a gateway to the ashen valley of Gehenna.
 52369 | Hell     | Found a gateway to the decaying netherworld of Tartarus.
 52482 | Depths:3 | Voluntarily entered the Abyss.
 52905 | Abyss:3  | Paralysed by accursed screaming for 1 turns
 53246 | Abyss:3  | Found a corrupted altar of Lugonu.
 53249 | Abyss:3  | Found a corrupted altar of Lugonu.
 53542 | Abyss:3  | Got an abyssal rune of Zot
 53590 | Abyss:3  | Gained mutation: Your body sometimes deteriorates upon
                  | taking damage. [a neqoxec]
 53590 | Abyss:3  | Gained mutation: Your spells are a little easier to cast,
                  | but a little less powerful. [a neqoxec]
 53622 | Abyss:3  | Reached XP level 27. HP: 293/293 MP: 35/35
 53688 | Abyss:3  | Paralysed by accursed screaming for 1 turns
 53690 | Depths:3 | Escaped the Abyss
 53759 | Geh:1    | Entered Level 1 of Gehenna
 54036 | Geh:3    | You fall into a shaft and drop 3 floors!
 54229 | Coc:1    | Entered Level 1 of Cocytus
 54474 | Coc:2    | Paralysed by a wendigo for 1 turns
 54508 | Hell     | Lost mutation: You are dopey. (Int -2) [potion of mutation]
 54508 | Hell     | Lost mutation: Your body sometimes deteriorates upon taking
                  | damage. [potion of mutation]
 54508 | Hell     | Gained mutation: Your body sometimes deteriorates upon
                  | taking damage. [potion of mutation]
 54508 | Hell     | Gained mutation: You heal very quickly. [potion of
                  | mutation]
 54509 | Hell     | Lost mutation: Your spells are a little easier to cast, but
                  | a little less powerful. [potion of mutation]
 54509 | Hell     | Lost mutation: You heal very quickly. [potion of mutation]
 54509 | Hell     | Gained mutation: You are resistant to electric shocks.
                  | (rElec) [potion of mutation]
 54509 | Hell     | Gained mutation: You are partially covered in iridescent
                  | scales. (AC +2) [potion of mutation]
 54509 | Hell     | Gained mutation: Your spells are a little harder to cast,
                  | but a little more powerful. [potion of mutation]
 54510 | Hell     | Lost mutation: Your spells are a little harder to cast, but
                  | a little more powerful. [potion of mutation]
 54510 | Hell     | Lost mutation: You are partially covered in iridescent
                  | scales. (AC +2) [potion of mutation]
 54510 | Hell     | Gained mutation: Your muscles are strong. (Str +4, Int/Dex
                  | -1) [potion of mutation]
 54511 | Hell     | Lost mutation: Your muscles are strong. (Str +4, Int/Dex
                  | -1) [potion of mutation]
 54511 | Hell     | Lost mutation: You are resistant to electric shocks.
                  | (rElec) [potion of mutation]
 54511 | Hell     | Lost mutation: Your body sometimes deteriorates upon taking
                  | damage. [potion of mutation]
 54511 | Hell     | Gained mutation: You have hidden genetic potential. [potion
                  | of mutation]
 54511 | Hell     | Gained mutation: Your flesh is cold resistant. (rC+)
                  | [potion of mutation]
 54638 | Coc:3    | Reached skill level 15 in Necromancy
 54654 | Coc:3    | Learned a level 8 spell: Borgnjor's Revivification
 54707 | Coc:3    | Paralysed by a wendigo for 1 turns
 54900 | Coc:5    | Paralysed by a wendigo for 1 turns
 54917 | Coc:5    | HP: 16/349 [shard shrike (10)]
 54917 | Coc:5    | HP: 4/349 [Ice Fiend (12)]
 54917 | Coc:5    | Slain by an Ice Fiend

Illustrated notes

Levels and vault maps discovered:
D:1:      eino_arrival_water_star, layout_basic, serial_shops,
          nicolae_shop_temple_entry_statues_fountains, st_stairs_5
D:2:      layout_basic, uniq_robin
D:3:      layout_loops_ring, grunt_dithmenos_smoke_and_mirrors,
          nzn_wu_jian_contemplation, corexii_item_surrounded_by_moat,
          amcnicky_mini_rare_corridor_liquid, chequers_serial_rivers_large_b,
          corexii_shack, minmay_misc_feat_pillars, uniq_grinder
D:4:      layout_basic, nicolae_ossuary_entry_false_entrances,
          minmay_fractal_squares_5
D:5:      layout_basic, nicolae_qazlal_scattered_showers,
          minmay_temple_entry_butterflies, uniq_pikel
D:6:      layout_cave_pools, gammafunk_temple_overflow_forgotten,
          nicolae_shop_i_like_small_books_too, grunt_tough_drop, uniq_edmund
D:7:      layout_basic, hangedman_misty_isle
D:8:      minmay_cornered_nines, layout_basic, serial_co_window_serial,
          co_window_paths_a, co_window_paths_b, co_window_paths_b,
          co_window_paths_a, co_window_of_opportunity_a, co_window_corner_b,
          co_window_broadway_a, co_window_unsneaky_path_c, co_window_broadway_b,
          co_window_4corner_b, glass_columns_c, glass_columns_a
D:9:      layout_gridville, kennysheep_mini, enter_bailey_7
D:10:     layout_small_grid, nemelex_diamond_rough_becter
D:11:     layout_irregular_city, dpeg_lair_monsters, serial_shops, shop,
          chequers_serial_rivers_marsh, uniq_lodul, uniq_grum, uniq_maurice
D:12:     layout_loops_ring, david_orc_5, enter_trove_0,
          onia_ninara_dug_in_and_dangerous, uniq_kirke, uniq_frances
D:13:     nicolae_cairo_tiling_large, layout_gridville, david_vaults_2,
          kennysheep_cross_room
D:14:     minmay_expanding_circles, layout_basic, gammafunk_ghost_cemetery
D:15:     gammafunk_enter_depths_forms, layout_rooms, yredelemnul_altar_generic,
          fedhas_altar_3
Temple:   dpeg_chambers_temple
Lair:1:   layout_regular_city, gauntlet_entry_generic, grunt_megastairs_1,
          uniq_nergalle, uniq_amaemon
Lair:2:   layout_cave_pods
Lair:3:   layout_small_grid, minmay_shoals_entry_beasts, spider_nest_entry_webs,
          uniq_rupert
Lair:4:   layout_regular_city, chequers_serial_rivers_micro_e,
          grunt_megastairs_4, infiniplex_staircase_pool
Lair:5:   gammafunk_lair_ancient_temple, layout_gridlike,
          minmay_slime_entry_jelly_boxes, nicolae_lair_grove_arrangements
Shoals:1: nicolae_shoals_offshore_bank_account, layout_shoals,
          nicolae_shoals_aquamancer_cove
Shoals:2: layout_shoals
Shoals:3: layout_shoals, serial_shops, nicolae_shop_gaudy_bauble,
          uniq_polyphemus, uniq_ilsuiw
Shoals:4: shoals_end_grunt_ice, layout_shoals
Spider:1: layout_chambers, nicolae_spider_spiderdrome
Spider:2: layout_spider_delve
Spider:3: layout_spider_delve, nicolae_spider_nooks_and_crannies, uniq_asterion,
          uniq_nikola
Spider:4: floodkiller_spider_rune_tomb, nicolae_spider_undead_wolf_pack
Orc:1:    layout_caves, serial_shops, shop_statue, nicolae_shop_behind_doors
Orc:2:    grunt_orc_gardens, layout_diamond_mine, grunt_orc_garden,
          grunt_orc_garden, grunt_orc_garden, grunt_orc_garden,
          ebering_ghost_xom, nicolae_alphabet_shops, minmay_orc_barracks
Elf:1:    eino_elf_arrival_altar, layout_gridlike, serial_shops,
          nicolae_shop_industrial_runoff, shop, nicolae_shop_tiny_statue_garden,
          nicolae_shop_pleasant_corner_grove, shop, orc_legates
Elf:2:    elven_hall_of_blades_hangedman_original [mumra_blade_entry_dagger],
          layout_gridlike, serial_shops, nicolae_shop_tiny_glass
Elf:3:    minmay_elf_hall_hex, layout_loops_ring, mu_enter_wizlab_1
Vaults:1: vaults_room_semicircle, nicolae_vaults_network_s, vaults_room_fours,
          nicolae_vaults_network_square, nicolae_vaults_house_1,
          nicolae_vaults_tetromino_Z_1, nicolae_vaults_diffraction_hallways,
          v_misc_27, nicolae_vaults_wine_cellar, layout_vaults_chaotic_city
Vaults:2: nicolae_vaults_storage_closets_3, vaults_mumra_hex, v_alt_pattern_6,
          v_misc_26, nicolae_vaults_trapezoid_3,
          nicolae_vaults_door_testing_chamber, v_misc_10, layout_vaults_omnigrid
Vaults:3: minmay_crypt_entry_simple_plaza, nicolae_vaults_little_squares_4,
          hangedman_vaults_stitches, nicolae_vaults_house_3,
          nicolae_vaults_ninety_degrees, vaults_dpeg_spiral,
          nicolae_vaults_yaktaur_gun_rack, vaults_dpeg_diagonal,
          nicolae_vaults_windows_and_doors_thing,
          nicolae_vaults_offset_grid_hallway_4, nicolae_vaults_what_the_h,
          v_misc_14, layout_vaults_omnicross, serial_shops,
          nicolae_shop_real_fake_doors, uniq_xtahua
Vaults:4: nicolae_vaults_six-pack, nicolae_vaults_little_squares_1,
          hangedman_vaults_corner, v_misc_25, nicolae_vaults_apartment_2,
          vaults_room_guarded_vault, nicolae_vaults_double_plus_1,
          vaults_standard_mumra_x, nicolae_vaults_tetromino_L_1,
          nicolae_vaults_theta, ontoclasm_vaults_gateway,
          nicolae_vaults_trapezoid_lopsided_3, nicolae_vaults_trapezoid_layered,
          layout_vaults_omnibox, serial_shops, nicolae_diamond_shop
Vaults:5: serial_shops
Crypt:1:  cheibrodos_crypt_eye_of_stone, layout_rooms, minivault_26,
          ebering_dispersal_statue_hall
Crypt:2:  layout_chaotic_city, nicolae_crypt_knee_deep_in_the_dead
Crypt:3:  lightli_unholy_cathedral, layout_chaotic_city,
          tomb_entry_sphere_bobbens
Depths:1: layout_gridville, enter_ziggurat_e, chequers_serial_rivers_room_b,
          hangedman_geh_valley, kennysheep_generic_room_12, minmay_shoptagon
Depths:2: grunt_twist_and_shout, layout_cross, grunt_hell_horde,
          reono_crystal_passage, rand_demon_pan_entry_8, serial_shops, shop,
          nicolae_tso_swordbearing_angel, serial_bayou_shore_a,
          serial_bayou_shore_b
Depths:3: kennysheep_gozag_temple, layout_gridville, hell_entry,
          rand_demon_pan_entry_4, abyss_entry, serial_shops,
          bzr_entry_customers, shop, nicolae_shop_tiny_statue_garden, shop,
          ashenzari_altar_1, infiniplex_staircase_pillars_1
Depths:4: evilmike_zot_entry_diamond, layout_basic, pf_coc_iceberg,
          rand_demon_pan_entry_1, fiery_altar_vehumet, uniq_jory, uniq_parghit
Hell
Geh:1:    layout_gehenna_lava_caves
Geh:2:    layout_gehenna_pools_basic
Geh:3:    layout_gehenna_lava_caves
Geh:6:    layout_gehenna_lava_caves, nicolae_geh_gnashing_of_teeth
Coc:1:    layout_ice_bergs
Coc:2:    layout_cocytus_water_paths
Coc:3:    layout_ice_bergs
Coc:4:    layout_cocytus_water_paths
Coc:5:    layout_cocytus_water_paths

Skill      XL: |  1  2  3  4  5  6  7  8  9 10 11 12 13 14 15 16 17 18 19 20 21 22 23 24 25 26 27 |
---------------+----------------------------------------------------------------------------------+-----
Transmutations | 2 3 4 5 7 8 9 11 13 | 13.5
Fighting       | 1 3 4 5 6 7 10 11 13 14 16 17 19 20 | 20.6
Evocations     | 1 2 3 4 |  4.0
Unarmed Combat | 4 6 7 10 12 14 15 16 17 19 20 | 20.0
Earth Magic    | 4 5 8 11 13 14 15 | 15.1
Invocations    | 7 8 9 10 11 | 11.5
Spellcasting   | 4 5 6 7 8 9 |  9.0
Shields        | 3 5 7 9 |  9.0
Dodging        | 5 10 12 | 12.0
Armour         | 3 4 5 7 |  7.0
Throwing       | 4 8 |  8.0
Necromancy     | 6 10 13 15 | 15.9

Action                     |  1- 3 |  4- 6 |  7- 9 | 10-12 | 13-15 | 16-18 | 19-21 | 22-24 | 25-27 || total
---------------------------+-------+-------+-------+-------+-------+-------+-------+-------+-------++-------
  Melee: Unarmed           |   120 |   132 |   318 |   522 |   790 |   534 |   562 |  1225 |  1342 ||  5545
         Kick              |     4 |       |    12 |    21 |       |       |       |       |     2 ||    39
         Headbutt          |     3 |       |     8 |    11 |       |       |       |       |     2 ||    24
         Punch             |     1 |     3 |     7 |    27 |     6 |       |       |       |       ||    44
  Throw: Dart              |       |       |    16 |    25 |    19 |    29 |     4 |       |       ||    93
         Boomerang         |       |       |       |     2 |       |     5 |       |       |       ||     7
         Large rock        |       |       |       |       |       |     4 |     2 |     8 |    24 ||    38
   Cast: Beastly Appendage |     2 |       |    11 |     8 |       |     2 |     1 |     2 |     1 ||    27
         Wereblood         |     1 |       |     3 |     3 |     1 |       |     2 |       |       ||    10
         Ozocubu's Armour  |       |       |       |     8 |       |       |       |       |       ||     8
         Statue Form       |       |       |       |     2 |    72 |    46 |    45 |    77 |    68 ||   310
         Borgnjor's Revivi |       |       |       |       |       |       |       |       |     1 ||     1
 Invoke: Slouch            |       |       |       |     5 |    13 |    10 |    11 |     7 |    28 ||    74
         Step From Time    |       |       |       |     1 |       |       |       |       |       ||     1
  Evoke: Wand              |       |     5 |     2 |    23 |     1 |       |     2 |    14 |     6 ||    53
    Use: Scroll            |     3 |       |     5 |    10 |    17 |     1 |     7 |    13 |    14 ||    70
         Potion            |       |       |     1 |     3 |     4 |     2 |     4 |     2 |    11 ||    27
   Stab: Sleeping          |     1 |     1 |       |     2 |     6 |     1 |     1 |       |       ||    12
         Distracted        |       |       |       |       |     1 |     1 |       |       |     3 ||     5
         Petrified         |       |       |       |       |       |       |     2 |       |       ||     2
 Armour: Robe              |    54 |    42 |   113 |   120 |    76 |    52 |    26 |       |       ||   483
         Skin              |       |       |       |    27 |   778 |   480 |   279 |   445 |   649 ||  2658
         Quicksilver drago |       |       |       |       |       |       |     1 |     3 |       ||     4
         Fire dragon scale |       |       |       |       |       |       |       |    30 |    85 ||   115
  Dodge: Dodged            |    53 |    67 |   162 |   198 |   499 |   679 |   694 |  1617 |  1655 ||  5624
         Repelled          |       |       |       |       |       |     5 |    23 |    31 |    29 ||    88
  Block: Other             |       |       |    44 |   102 |       |       |       |       |       ||   146
         Reflection        |       |       |       |     7 |       |       |       |       |       ||     7
         Kite shield       |       |       |       |       |   610 |   531 |   542 |  1641 |  1911 ||  5235
